 Dungeon Crawl Stone Soup version 0.19.5 (webtiles) character file.

307273 Peloso the Hoplite (level 20, -1/195 HPs)
             Began as a Minotaur Fighter on Mar 17, 2017.
             Was the Champion of Okawaru.
             Slain by an orc knight
             ... wielding a +0 great mace
              (15 damage)
             ... on level 2 of the Vaults on Mar 18, 2017.
             The game lasted 03:07:25 (53882 turns).

Peloso the Hoplite (Minotaur Fighter)              Turns: 53882, Time: 03:07:26

Health: -1/195     AC: 43    Str: 34    XL:     20   Next: 32%
Magic:  20/20      EV: 13    Int: -2 (2) God:    Okawaru [******]
Gold:   2871       SH: 10    Dex: 19    Spells: 0 memorised, 19 levels left

rFire  . . .     SeeInvis .     s - +0 double sword (holy)
rCold  . . .     Gourm    .     l - +11 plate armour of the Little Devil {Int-3 Dex+5}
rNeg   . . .     Faith    +     o - +0 buckler {reflect}
rPois  .         Spirit   .     T - +2 hat {MR+}
rElec  .         Reflect  +     b - +2 cloak {MR+}
rCorr  .         Harm     .     U - +2 pair of gloves "Elesosk" {Str+3}
MR     ++++.                    Q - +2 pair of boots of the Assassin {DetectMon Stab+ Stlth++}
Stlth  ..........               H - amulet of faith
                                J - ring of protection from magic
                                A - +5 ring of strength

@: very slightly contaminated, hasted and slowed, lost intelligence
A: retaliatory headbutt, horns 2
a: Heroism, Finesse, Renounce Religion
}: 2/15 runes: decaying, gossamer


You were on level 2 of the Vaults.
You worshipped Okawaru.
Okawaru was exalted by your worship.
You were near starving.

You visited 8 branches of the dungeon, and saw 37 of its levels.
You visited 1 bazaar.
You also visited: Bailey and Ice Cave.

You collected 4531 gold pieces.
You spent 1660 gold pieces at shops.

Inventory:

Hand Weapons
 s - a +0 double sword of holy wrath (weapon)
 y - a +0 demon blade of flaming
 B - a +3 demon blade of venom
 C - the +10 flail "Nilye" {antimagic, +Blink Int+4, unknown}
   (You took it off a deep elf mage on level 3 of the Elven Halls)

   It reduces the magical energy of the wielder, and disrupts the spells and
   magical abilities of those hit.
   Natural abilities and divine invocations are not affected.
   It affects your intelligence (+4).
   It lets you blink.
Armour
 b - a +2 cloak of magic resistance (worn)
 l - the +11 plate armour of the Little Devil (worn) {Int-3 Dex+5}
   (Okawaru gifted it to you on level 6 of the Lair of Beasts)

   It affects your intelligence (-3).
   It affects your dexterity (+5).
 o - a +0 buckler of reflection (worn)
 L - the +4 plate armour "Ruruopaq" {rCorr}
   (You found it on level 1 of the Vaults)

   It protects you from acid and corrosion.
 Q - the +2 pair of boots of the Assassin (worn) {DetectMon Stab+ Stlth++}
   (You bought it in a shop on level 2 of the Orcish Mines)

   It makes you much more stealthy.
 T - a +2 hat of magic resistance (worn)
 U - the +2 pair of gloves "Elesosk" (worn) {Str+3}
   (Okawaru gifted it to you on level 9 of the Dungeon)

   It affects your strength (+3).
Jewellery
 a - a +2 ring of protection
 d - an uncursed ring of protection from fire
 i - an uncursed ring of poison resistance
 j - an uncursed ring of flight
 A - a +5 ring of strength (left hand)
 D - an uncursed ring of ice
 E - an uncursed ring of stealth
 H - an amulet of faith (around neck)
 J - a ring of protection from magic (right hand)
Wands
 F - a wand of paralysis (12/24)
 G - a wand of slowing (19/48)
 W - a wand of disintegration (1/24)
 X - a wand of digging (13/24)
Scrolls
 g - 8 scrolls of magic mapping
 h - 11 scrolls of remove curse
 n - 3 scrolls of blinking
 p - 3 scrolls of fear
 u - 9 scrolls of teleportation
 v - 3 scrolls of summoning
 P - 13 scrolls of identify
 R - a scroll of recharging
Potions
 c - a potion of brilliance
 m - 2 potions of resistance
 q - 9 potions of curing
 t - a potion of magic
 w - 2 potions of flight
 x - 4 potions of haste
 z - 2 potions of invisibility
 K - 2 potions of agility
 M - 2 potions of might
Books
 e - a book of Unlife

   Spells                             Type                      Level
   a - Recall                         Summoning/Translocation      3
   b - Animate Dead                   Necromancy                   4
   c - Control Undead                 Necromancy                   4
   d - Cigotuvi's Embrace             Necromancy                   5
   e - Death Channel                  Necromancy                   6
   f - Simulacrum                     Ice/Necromancy               6
 N - a Fen Folio

   Spells                             Type                      Level
   a - Corpse Rot                     Necromancy                   2
   b - Stone Arrow                    Conjuration/Earth            3
   c - Leda's Liquefaction            Hexes/Earth                  4
   d - Summon Forest                  Summoning/Translocation      5
   e - Hydra Form                     Transmutation                6
   f - Summon Hydra                   Summoning                    7
Comestibles
 f - 21 bread rations
 r - 18 meat rations
 I - 11 slices of pizza
 O - 10 beef jerkies
 Y - a royal jelly


   Skills:
 + Level 20.5 Fighting
 + Level 20.8 Long Blades
 + Level 4.1 Maces & Flails
 + Level 19.2 Armour
 + Level 6.2 Dodging
 + Level 3.3 Stealth
 + Level 22.0 Shields
 + Level 2.5 Invocations
 + Level 0.6 Evocations


You had 19 spell levels left.
You didn't know any spells.

Dungeon Overview and Level Annotations

Branches:
Dungeon (15/15)            Temple (0/1) D:5            Lair (6/6) D:10
  Swamp (4/4) Lair:4       Spider (4/4) Lair:3        Slime (1/5) Lair:5
    Orc (2/2) D:12            Elf (3/3) Orc:2        Vaults (2/5) D:13
 Depths (0/5) D:15
  Crypt: Vaults:2-3

Altars:
Cheibriados
Fedhas
Gozag
Kikubaaqudgha
Makhleb
Nemelex Xobeh
Okawaru
Sif Muna
Trog
Uskayaw
Yredelemnul
Zin
The Shining One
Beogh

Shops:
D:7 }   D:14 *   Orc:2 ?([[


Innate Abilities, Weirdness & Mutations

You reflexively headbutt those who attack you in melee.
You have a pair of horns on your head.


Message History

Unknown command.
Your plate armour of the Little Devil prevents you from hitting the vault guard.
You headbutt the vault guard, but do no damage.
The vault guard is heavily wounded.
The vault guard hits you with a great sword.
* * * LOW HITPOINT WARNING * * *
You block the orc knight's attack.
A great orb of eyes comes into view.
You barely miss the vault guard.
You headbutt the vault guard, but do no damage.
The vault guard is heavily wounded.
The vault guard hits you but does no damage.
Unknown command.
You barely miss the vault guard.
The vault guard is heavily wounded.
The yaktaur wields an arbalest.
The yaktaur shoots a bolt.
You reflect the bolt off your +0 buckler of reflection!
The bolt hits the yaktaur!!
The orc knight hits you with an uncursed great mace!
You die...

### #.. #.. ##+# #..
#c..# #####.. cG.#
#...... #..#
##########......
#.)##........######.
#)@#........# ##
+po#......†.######.
#..'........'......
#..##........'....<.
#..#
#........#####..
...# #........# #..
...# #........# #..
#### ########## #..
###


You could see a vault guard, an orc knight, a great orb of eyes and 2 yaktaurs.

Vanquished Creatures
  Saint Roka (Orc:2)
  An Ice Fiend (IceCv)
  A tentacled monstrosity (Swamp:3)
  3 deep elf blademasters
  2 deep elf master archers (Elf:3)
  Asterion (Elf:2)
  4 thorn hunters
  The ghost of toffzen the Eclecticist, an adept DECj of Vehumet (Spider:4)
  Roxanne (D:14)
  The ghost of letownia the Carver, a journeyman DDNe of Gozag (Elf:1)
  A deep elf sorcerer (Elf:3)
  7 emperor scorpions
  5 ghost moths (Spider:4)
  Louise (Elf:1)
  A vault warden (Vaults:1)
  An orc warlord (Orc:1)
  5 deep elf elementalists (Elf:3)
  5 ironheart preservers
  3 entropy weavers
  6 deep elf demonologists
  7 deep elf annihilators (Elf:3)
  A dire elephant (D:15)
  2 spark wasps
  6 deep elf death magi
  Snorg (Orc:1)
  3 ettins
  Josephine (D:11)
  4 deep elf high priests (Elf:3)
  The ghost of BugsBunnySan the Eviscerator, a journeyman FeBe of Trog (Elf:1)
  The ghost of supermoro the Fighter, a journeyman MiFi of Okawaru (Lair:1)
  9 vault guards
  Erolcha (D:10)
  2 yaktaur captains (Vaults:1)
  25 hydras
  2 rakshasas (Vaults:1)
  An ice dragon (shapeshifter) (Vaults:1)
  Fannar (D:10)
  6 centaur warriors
  A ghost crab (Swamp:3)
  The ghost of Sanvar the Archer, a journeyman HEHu of Elyvilon (Lair:2)
  2 catoblepae
  30 dancing weapons
  12 alligators
  A tengu warrior (D:14)
  22 spriggans
  2 orc high priests (Orc:2)
  Urug (D:10)
  11 deep elf knights
  The ghost of flsc the Cleaver, a novice MiFi (Bailey)
  A fire crab (shapeshifter) (Vaults:1)
  The ghost of BugsBunnySan the Ripper, a journeyman FeBe of Trog (IceCv)
  The ghost of Schimscham the Magician, a novice OpTm of Dithmenos (D:10)
  4 unseen horrors
  A glowing orange brain (Vaults:2)
  A deep troll (Vaults:1)
  5 spriggan druids
  2 wizards
  Pikel (D:8)
  4 ironbrand convokers
  The ghost of Turtleman12345 the Thaumaturge, a novice DEFE of Sif Muna (D:8)
  5 hill giants
  3 shambling mangroves
  18 deep elf archers
  37 wolf spiders
  6 orc knights
  11 swamp dragons
  60 deep elf magi
  3 harpies (Vaults:2)
  An oklob plant (Lair:4)
  12 orb spiders
  3 manticores (D:15)
  9 cyclopes
  A salamander (shapeshifter) (D:11)
  2 orc sorcerers
  13 ugly things
  Maurice (D:11)
  A salamander (D:15)
  4 vault sentinels
  A moth of wrath (Spider:4)
  5 elephants (Lair:6)
  4 ice statues
  14 spiny frogs
  7 black mambas
  2 centaur skeletons
  2 freezing wraiths
  9 yaktaurs (Vaults:1)
  2 rime drakes (Lair:2)
  A komodo dragon (shapeshifter) (Elf:3)
  10 ice devils (IceCv)
  12 demonic crawlers
  11 komodo dragons
  A queen bee (Lair:2)
  34 jumping spiders
  10 trolls
  23 hornets
  17 slime creatures
  2 polar bears
  9 bog bodies
  7 dream sheep (Lair:6)
  4 two-headed ogres
  17 blink frogs
  A harpy skeleton (D:13)
  A meliai zombie (D:15)
  4 tyrant leeches
  5 hippogriffs
  3 air elementals
  A shadow (Swamp:4)
  2 dire elephant simulacra (IceCv)
  2 wyverns
  38 tarantellas
  67 redbacks
  5 water elementals
  49 yaks
  4 hogs (D:7)
  A basilisk (Lair:2)
  A golden eye (shapeshifter) (Vaults:1)
  A human (D:7)
  5 fire elementals
  5 wraiths
  2 steam dragons
  A hungry ghost (D:10)
  18 vampire mosquitoes
  Menkaure (D:5)
  A mottled dragon (D:14)
  18 swamp worms
  An iron troll simulacrum (IceCv)
  8 insubstantial wisps
  5 wargs (Orc:2)
  4 harpy simulacra
  3 hydra simulacra (IceCv)
  8 water moccasins
  7 porcupines
  60 orc warriors
  16 swamp drakes
  6 black bears
  5 sky beasts
  5 ice beasts
  An ettin simulacrum (IceCv)
  16 ogres
  3 necrophages
  3 phantoms
  3 boggarts (Lair:6)
  17 centaurs
  27 wolves
  15 crocodiles
  5 big kobolds
  16 bullfrogs
  4 earth elementals
  6 scorpions
  A wyvern skeleton (D:12)
  28 killer bees
  9 wights
  2 howler monkeys
  2 electric eels (Lair:6)
  6 crimson imps
  3 centaur zombies
  5 jellies
  25 orc priests
  2 bullfrog skeletons
  36 orc wizards
  6 hounds
  A gnoll shaman (D:10)
  5 iguanas
  10 worker ants
  2 hound skeletons (D:7)
  2 worker ant zombies
  12 adders
  11 gnolls
  3 shadow imps
  An ooze (D:3)
  4 adder skeletons
  An adder zombie (D:5)
  2 dart slugs
  5 worms (D:2)
  7 leopard geckos
  137 orcs
  A ball python (D:1)
  7 bats
  2 giant cockroaches
  8 goblins
  6 hobgoblins
  19 jackals
  42 kobolds
  6 quokkas
  3 frilled lizards
  8 rats
  2 crawling corpses (Elf:3)
  3 fungi
  6 plants
1546 creatures vanquished.

Vanquished Creatures (others)
  A deep elf annihilator (Elf:3)
  A deep elf knight (Elf:1)
  A deep elf archer (Elf:2)
  A cyclops (Vaults:1)
  3 redbacks
  A swamp worm (Swamp:3)
  A black bear (D:8)
  A slave (D:8)
  A centaur (D:13)
  A scorpion (D:8)
  A giant cockroach (D:8)
  5 kobolds
  34 fungi
52 creatures vanquished.

Grand Total: 1598 creatures vanquished

Notes
Turn   | Place    | Note
-------+----------+-------------------------------------------
     0 | D:1      | Peloso the Minotaur Fighter began the quest for the Orb.
     0 | D:1      | Reached XP level 1. HP: 19/19 MP: 0/0
    16 | D:1      | Noticed a minotaur skeleton
   109 | D:1      | Reached XP level 2. HP: 22/27 MP: 1/1
   430 | D:2      | Reached XP level 3. HP: 32/33 MP: 2/2
   598 | D:2      | Reached skill level 4 in Shields
   598 | D:2      | Reached XP level 4. HP: 40/41 MP: 3/3
  1174 | D:3      | Found an iron altar of Okawaru.
  1182 | D:3      | Became a worshipper of Warmaster Okawaru
  1363 | D:3      | Found a glowing silver altar of Zin.
  1436 | D:3      | Reached XP level 5. HP: 45/47 MP: 4/4
  2021 | D:4      | Found a basalt altar of Yredelemnul.
  2042 | D:4      | Reached skill level 5 in Shields
  2042 | D:4      | Reached XP level 6. HP: 50/53 MP: 5/5
  2137 | D:4      | Reached skill level 5 in Long Blades
  2137 | D:4      | Reached skill level 5 in Armour
  2351 | D:5      | Entered Level 5 of the Dungeon
  2372 | D:5      | Found a hide-covered altar of Uskayaw.
  2556 | D:5      | Reached skill level 5 in Fighting
  2595 | D:5      | Reached skill level 1 in Dodging
  2607 | D:5      | Reached * piety under Okawaru
  2852 | D:5      | Noticed Menkaure
  2857 | D:5      | Killed Menkaure
  2857 | D:5      | Reached XP level 7. HP: 33/61 MP: 6/6
  3002 | D:5      | Got a slimy falchion
  3003 | D:5      | Identified the cursed +0 falchion of Gaoxec {drain, *Corrode rPois rF- Stlth+} (You found it on level 5 of the Dungeon)
  3030 | D:5      | Found a staircase to the Ecumenical Temple.
  3039 | D:5      | Reached skill level 6 in Shields
  3157 | D:5      | Found an opulent altar of Gozag.
  3484 | D:6      | Found a deep blue altar of Sif Muna.
  3579 | D:6      | Reached ** piety under Okawaru
  3579 | D:6      | Reached XP level 8. HP: 45/70 MP: 4/7
  3757 | D:6      | Reached skill level 1 in Stealth
  4115 | D:7      | Found a glowing golden altar of the Shining One.
  4174 | D:7      | Reached skill level 7 in Shields
  4218 | D:7      | Found a burning altar of Makhleb.
  4294 | D:7      | Found a deep blue altar of Sif Muna.
  4367 | D:7      | Found a blossoming altar of Fedhas.
  4396 | D:7      | Found Oblouklegi's Gadget Shoppe.
  4437 | D:7      | Found a sparkling altar of Nemelex Xobeh.
  4440 | D:7      | Found an ancient bone altar of Kikubaaqudgha.
  4441 | D:7      | Found a snail-covered altar of Cheibriados.
  4542 | D:7      | Reached *** piety under Okawaru
  4599 | D:7      | Reached XP level 9. HP: 60/78 MP: 8/8
  4614 | D:7      | Reached **** piety under Okawaru
  4625 | D:7      | Reached skill level 8 in Shields
  5299 | D:8      | Noticed Pikel
  5301 | D:8      | Noticed Turtleman12345's ghost (novice DEFE)
  5320 | D:8      | Killed Pikel
  5320 | D:8      | Reached skill level 9 in Shields
  5339 | D:8      | Killed Turtleman12345's ghost
  5339 | D:8      | Reached ***** piety under Okawaru
  5339 | D:8      | Reached skill level 10 in Long Blades
  5431 | D:8      | Reached XP level 10. HP: 70/86 MP: 9/9
  5596 | D:8      | Received a gift from Okawaru
  6087 | D:8      | Found a bloodstained altar of Trog.
  6521 | D:9      | Reached skill level 10 in Shields
  6861 | D:10     | Entered Level 10 of the Dungeon
  6864 | D:10     | Noticed Schimscham's ghost (novice OpTm)
  6978 | D:10     | Killed Schimscham's ghost
  6978 | D:10     | Reached skill level 10 in Armour
  7007 | D:10     | Noticed Erolcha
  7274 | D:10     | Reached skill level 11 in Shields
  7391 | D:10     | Killed Erolcha
  7391 | D:10     | Reached XP level 11. HP: 64/97 MP: 10/10
  7529 | D:10     | Found a blossoming altar of Fedhas.
  7539 | D:10     | Noticed Urug
  7562 | D:9      | Received a gift from Okawaru
  7565 | D:9      | Got a pair of translucent gloves {god gift}
  7576 | D:9      | Identified the +2 pair of gloves "Elesosk" {Str+3} (Okawaru gifted it to you on level 9 of the Dungeon)
  7659 | D:10     | Killed Urug
  7767 | D:10     | Noticed a hill giant
  7777 | D:10     | Killed a hill giant
  7985 | D:10     | Noticed Fannar
  8006 | D:10     | Killed Fannar
  8006 | D:10     | Reached skill level 12 in Shields
  8290 | D:10     | Found a staircase to the Lair.
  8683 | D:11     | Noticed a five-headed hydra
  8697 | D:11     | Killed a five-headed hydra
  8985 | D:11     | Noticed Josephine
  8994 | D:11     | Killed Josephine
  8994 | D:11     | Reached skill level 1 in Maces & Flails
  8998 | D:11     | Reached skill level 1 in Invocations
  9269 | D:11     | Noticed a purple ugly thing
  9282 | D:11     | Killed a purple ugly thing
  9282 | D:11     | Reached skill level 10 in Fighting
  9282 | D:11     | Reached XP level 12. HP: 97/106 MP: 11/11
  9332 | D:11     | Reached ****** piety under Okawaru
  9535 | D:11     | Noticed Maurice
  9549 | D:11     | Killed Maurice
  9549 | D:11     | Received a gift from Okawaru
  9553 | D:11     | Got a pair of warped boots {god gift}
  9564 | D:11     | Identified the +2 pair of boots of Relativism {*Drain rPois Int+6 Dex-3} (Okawaru gifted it to you on level 11 of the Dungeon)
  9669 | D:11     | Reached skill level 13 in Shields
 10069 | Lair:1   | Entered Level 1 of the Lair of Beasts
 10592 | Lair:1   | Got a translucent broad axe
 10593 | Lair:1   | Identified the +5 broad axe of the Many Beggars {chop, rElec rPois rF+ rC-} (You found it on level 1 of the Lair of Beasts)
 10842 | Lair:1   | Noticed an eight-headed hydra
 10855 | Lair:1   | Killed an eight-headed hydra
 11017 | Lair:1   | Noticed supermoro's ghost (journeyman MiFi)
 11029 | Lair:1   | Killed supermoro's ghost
 11212 | Lair:2   | Reached skill level 14 in Shields
 11378 | Lair:2   | Received a gift from Okawaru
 11418 | Lair:2   | Reached XP level 13. HP: 92/116 MP: 12/12
 11437 | Lair:2   | Got a shimmering hat {god gift}
 11443 | Lair:2   | Identified the +3 hat of Eternity {rC+} (Okawaru gifted it to you on level 2 of the Lair of Beasts)
 11827 | Lair:2   | Noticed Sanvar's ghost (journeyman HEHu)
 11845 | Lair:2   | Killed Sanvar's ghost
 12420 | Lair:3   | Found a hole to the Spider Nest.
 12485 | Lair:3   | Found a burning altar of Makhleb.
 13244 | Lair:4   | Found a staircase to the Swamp.
 13663 | Lair:4   | Found a sparkling altar of Nemelex Xobeh.
 13990 | Lair:5   | Reached skill level 15 in Shields
 14199 | Lair:5   | Found a staircase to the Slime Pits.
 14629 | Lair:6   | Entered Level 6 of the Lair of Beasts
 14792 | Lair:6   | Received a gift from Okawaru
 15156 | Lair:6   | Reached XP level 14. HP: 67/127 MP: 13/13
 15625 | Lair:1   | Identified a scroll of acquirement
 15628 | Lair:1   | Got a fine cloak
 15634 | Lair:1   | Identified the +0 cloak "Ympoucog" {Int+6 Slay-3} (You acquired it on level 1 of the Lair of Beasts)
 15801 | Lair:6   | Received a gift from Okawaru
 15801 | Lair:6   | Reached skill level 15 in Long Blades
 15801 | Lair:6   | Reached skill level 16 in Shields
 15812 | Lair:6   | Got an obsidian-encrusted plate armour {god gift}
 15883 | Lair:6   | Identified the +11 plate armour of the Little Devil {Int-3 Dex+5} (Okawaru gifted it to you on level 6 of the Lair of Beasts)
 16184 | Lair:6   | Got an ichor-stained buckler
 16232 | Lair:6   | Identified the +1 buckler of the Good {+Fly rElec Slay-3} (You found it on level 6 of the Lair of Beasts)
 17568 | D:12     | Identified the Compendium of Plaster Cramp
 17612 | D:12     | Identified the Handbook of Dhcmrlchtdj
 17619 | D:12     | Identified the Tome of Sand
 17985 | D:12     | Found a staircase to the Orcish Mines.
 18266 | Orc:1    | Entered Level 1 of the Orcish Mines
 18285 | Orc:1    | Received a gift from Okawaru
 18396 | Orc:1    | Found a flagged portal.
 18400 | Orc:1    | Noticed Snorg
 18425 | Orc:1    | Killed Snorg
 18544 | Bailey   | Entered a bailey
 18668 | Bailey   | Noticed flsc's ghost (novice MiFi)
 18704 | Bailey   | Killed flsc's ghost
 19126 | Orc:1    | Noticed an orc warlord
 19146 | Orc:1    | Killed an orc warlord
 19617 | Orc:2    | Entered Level 2 of the Orcish Mines
 20153 | Orc:2    | Noticed Saint Roka
 20155 | Orc:2    | Reached skill level 17 in Shields
 20547 | Orc:2    | Found a staircase to the Elven Halls.
 20572 | Orc:2    | Found a roughly hewn altar of Beogh.
 21148 | Orc:2    | Killed Saint Roka
 21148 | Orc:2    | Received a gift from Okawaru
 21493 | Orc:2    | Found Tekkaer's Antique Weapon Emporium.
 21496 | Orc:2    | Found a roughly hewn altar of Beogh.
 21507 | Orc:2    | Found Pauts's Antique Armour Shoppe.
 21572 | Orc:2    | Found a roughly hewn altar of Beogh.
 21646 | Orc:2    | Found a roughly hewn altar of Beogh.
 21708 | Orc:2    | Found a roughly hewn altar of Beogh.
 21739 | Orc:2    | Reached XP level 15. HP: 95/138 MP: 14/14
 21910 | Orc:2    | Found Sach's Armour Shoppe.
 21915 | Orc:2    | Bought the +2 pair of boots of the Assassin {DetectMon Stab+ Stlth++} for 379 gold pieces
 21985 | Orc:2    | Found a roughly hewn altar of Beogh.
 21992 | Orc:2    | Found Wyxkilut's Magic Scroll Boutique.
 22010 | Orc:2    | Bought a scroll of identify for 30 gold pieces
 22010 | Orc:2    | Bought a scroll of identify for 30 gold pieces
 22010 | Orc:2    | Bought a scroll of identify for 30 gold pieces
 22010 | Orc:2    | Bought a scroll of magic mapping for 52 gold pieces
 22010 | Orc:2    | Bought a scroll of teleportation for 45 gold pieces
 22201 | Orc:2    | Found a roughly hewn altar of Beogh.
 22432 | D:13     | Found a gate to the Vaults.
 22791 | D:13     | Received a gift from Okawaru
 22876 | D:13     | Got a translucent plate armour {god gift}
 22893 | D:13     | Identified the +7 plate armour of Exclusion {rC+ rN+++ Regen+ Int+2} (Okawaru gifted it to you on level 13 of the Dungeon)
 22954 | D:13     | Found a roughly hewn altar of Beogh.
 23937 | D:14     | Found Ytew's General Store.
 23943 | D:14     | Bought a scroll of blinking for 127 gold pieces
 24152 | D:14     | Noticed Roxanne
 24947 | D:14     | Killed Roxanne
 24948 | D:14     | Identified Roxanne's Almanac of Moulding (You took it off Roxanne on level 14 of the Dungeon)
 25435 | D:15     | Entered Level 15 of the Dungeon
 25686 | D:15     | Reached skill level 15 in Fighting
 25777 | D:15     | Found a gateway to a bazaar.
 25797 | Bazaar   | Entered a bazaar
 25801 | Bazaar   | Found Cacur's Jewellery Boutique.
 25820 | Bazaar   | Found Affisme's Antique Armour Emporium.
 25837 | Bazaar   | Found Tudanec's Book Boutique.
 25859 | Bazaar   | Found Xiere's Gadget Shoppe.
 25898 | Bazaar   | Bought a pair of steaming boots for 199 gold pieces
 25910 | Bazaar   | Identified the +0 pair of boots of Defiance {rN++ Str+4 Int-2} (You bought it in a shop in a bazaar)
 25910 | Bazaar   | Lost intelligence.
 25916 | Bazaar   | Bought a scorched plate armour for 588 gold pieces
 25928 | Bazaar   | Identified the +0 plate armour of Qyomn {-Cast rElec rF+ rCorr} (You bought it in a shop in a bazaar)
 26035 | Bazaar   | Bought an uncursed ring of poison resistance for 180 gold pieces
 26147 | D:15     | Paralysed by an orc sorcerer for 3 turns
 26175 | D:15     | Received a gift from Okawaru
 26530 | D:15     | Found a staircase to the Depths.
 27263 | Slime:1  | Entered Level 1 of the Pits of Slime
 27324 | Spider:1 | Entered Level 1 of the Spider Nest
 27348 | Spider:1 | Reached skill level 15 in Armour
 27359 | Spider:1 | Reached skill level 18 in Shields
 28076 | Spider:1 | Received a gift from Okawaru
 28461 | Spider:2 | Reached XP level 16. HP: 147/149 MP: 16/16
 28921 | Swamp:1  | Entered Level 1 of the Swamp
 29410 | Swamp:1  | Noticed a thorn hunter
 29421 | Swamp:1  | Killed a thorn hunter
 30796 | Swamp:2  | Received a gift from Okawaru
 31088 | Swamp:2  | Noticed a thorn hunter
 31105 | Swamp:2  | Killed a thorn hunter
 31584 | Elf:1    | Entered Level 1 of the Elven Halls
 31690 | Elf:1    | Noticed letownia's ghost (journeyman DDNe)
 31753 | Elf:1    | Killed letownia's ghost
 32558 | Elf:1    | Reached skill level 19 in Shields
 32565 | Elf:1    | Noticed Louise
 32583 | Elf:1    | Killed Louise
 32763 | Elf:1    | Received a gift from Okawaru
 32809 | Elf:1    | Noticed BugsBunnySan's ghost (journeyman FeBe)
 32829 | Elf:1    | Killed BugsBunnySan's ghost
 33596 | Elf:1    | Noticed an Executioner
 33598 | Elf:1    | Reached XP level 17. HP: 142/160 MP: 17/17
 34301 | Elf:2    | Noticed Asterion
 34315 | Elf:2    | Received a gift from Okawaru
 34322 | Elf:2    | Killed Asterion
 34752 | Elf:2    | Found a huge runed gate.
 34752 | Elf:2    | Found a huge runed gate.
 34752 | Elf:2    | Found a huge runed gate.
 35105 | Elf:2    | Noticed a deep elf blademaster
 35127 | Elf:2    | Killed a deep elf blademaster
 35630 | Elf:2    | Received a gift from Okawaru
 36897 | Elf:2    | Received a gift from Okawaru
 36973 | Elf:3    | Entered Level 3 of the Elven Halls
 38735 | Spider:3 | Found a frozen archway.
 38751 | Spider:3 | Received a gift from Okawaru
 38763 | Spider:3 | Reached skill level 20 in Shields
 38883 | IceCv    | Entered an ice cave
 38883 | IceCv    | Noticed BugsBunnySan's ghost (journeyman FeBe)
 38888 | IceCv    | Killed BugsBunnySan's ghost
 39774 | IceCv    | Reached skill level 5 in Dodging
 39800 | IceCv    | Noticed an Ice Fiend
 39812 | IceCv    | Killed an Ice Fiend
 40126 | Spider:3 | Reached XP level 18. HP: 171/171 MP: 18/18
 40689 | Spider:3 | Received a gift from Okawaru
 41228 | Spider:4 | Entered Level 4 of the Spider Nest
 42784 | Spider:4 | Noticed toffzen's ghost (adept DECj)
 42802 | Spider:4 | Killed toffzen's ghost
 42956 | Spider:4 | Received a gift from Okawaru
 44140 | Spider:4 | Got a gossamer rune of Zot
 44326 | Spider:4 | Received a gift from Okawaru
 44879 | Swamp:3  | Found a runed door.
 44879 | Swamp:3  | Noticed a tentacled monstrosity
 44907 | Swamp:3  | Killed a tentacled monstrosity
 45190 | Swamp:3  | Got a dazzling chain mail
 45193 | Swamp:3  | Identified the +0 chain mail of Botsedim {*Slow Int+5 Dex+7} (You found it on level 3 of the Swamp)
 45221 | Swamp:3  | Reached skill level 21 in Shields
 45434 | Swamp:4  | Entered Level 4 of the Swamp
 45622 | Swamp:4  | Received a gift from Okawaru
 45635 | Swamp:3  | Reached XP level 19. HP: 42/182 MP: 19/19
 46424 | Swamp:4  | Got a decaying rune of Zot
 46454 | Swamp:4  | Received a gift from Okawaru
 47748 | Elf:3    | Noticed a Tzitzimitl
 49568 | Elf:3    | Received a gift from Okawaru
 49586 | Elf:3    | Got a scorched flail {antimagic}
 50106 | Elf:3    | Noticed a Brimstone Fiend
 50697 | Elf:3    | Identified the Collected Works on Aerial Cold
 50783 | Elf:3    | Received a gift from Okawaru
 50921 | Elf:3    | Got a steaming ruby amulet
 50922 | Elf:3    | Identified the amulet "Mij Luh" {Inacc SInv} (You found it on level 3 of the Elven Halls)
 51553 | Vaults:1 | Entered Level 1 of the Vaults
 52056 | Vaults:1 | Reached XP level 20. HP: 166/193 MP: 20/20
 53109 | Vaults:1 | Got an encrusted plate armour
 53120 | Vaults:1 | Identified the +4 plate armour "Ruruopaq" {rCorr} (You found it on level 1 of the Vaults)
 53430 | Vaults:2 | Lost intelligence.
 53864 | Vaults:2 | HP: 5/195 [ettin/great mace (27)]
 53865 | Vaults:2 | Reached skill level 22 in Shields
 53869 | Vaults:2 | HP: 4/195 [ettin/dire flail (6)]
 53882 | Vaults:2 | Slain by an orc knight

Skill      XL: |  1  2  3  4  5  6  7  8  9 10 11 12 13 14 15 16 17 18 19 20 |
---------------+-------------------------------------------------------------+-----
Armour         | 4 5 6 7 9 10 11 12 13 14 15 16 17 18 19 | 19.2
Fighting       | 4 5 6 7 9 10 11 12 14 15 16 17 19 20 | 20.5
Long Blades    | 3 4 5 7 9 10 11 13 14 15 16 17 18 19 20 | 20.8
Shields        | 4 5 6 7 9 11 12 14 15 17 18 19 20 21 22 | 22.0
Dodging        | 1 2 3 4 5 6 |  6.2
Stealth        | 1 2 3 |  3.3
Maces & Flails | 1 2 3 4 |  4.1
Invocations    | 1 2 |  2.5
Evocations     | |  0.6

Action                   |  1- 3 |  4- 6 |  7- 9 | 10-12 | 13-15 | 16-18 | 19-21 || total
-------------------------+-------+-------+-------+-------+-------+-------+-------++-------
Melee: Long sword        |    61 |   168 |       |   746 |  1884 |   813 |       ||  3672
       Headbutt          |    11 |    38 |    45 |   207 |   565 |   691 |   302 ||  1859
       Falchion          |       |       |   312 |    66 |       |       |       ||   378
       Whip              |       |       |       |    17 |    33 |    13 |       ||    63
       Scimitar          |       |       |       |       |       |   210 |       ||   210
       Double sword      |       |       |       |       |       |   639 |   594 ||  1233
       Demon blade       |       |       |       |       |       |   257 |   175 ||   432
Invok: Heroism           |       |       |     2 |     9 |     7 |    10 |     2 ||    30
 Abil: Evoke Flight      |       |       |       |       |     1 |       |       ||     1
Evoke: Wand              |       |       |       |       |     8 |       |     1 ||     9
  Use: Scroll            |       |     2 |     7 |     7 |    26 |    11 |     4 ||    57
       Potion            |       |       |     1 |     1 |     3 |     5 |     5 ||    15
 Stab: Confused          |       |       |       |     2 |       |       |       ||     2
       Petrified         |       |       |       |       |     1 |       |       ||     1
       Distracted        |       |       |       |       |     1 |       |       ||     1
  Eat: Chunk             |       |     7 |     8 |    21 |    48 |    49 |    17 ||   150
       Fruit             |       |       |       |       |     8 |    11 |     6 ||    25
       Beef jerky        |       |       |       |       |       |       |     2 ||     2
Armor: Scale mail        |    24 |    57 |       |       |       |       |       ||    81
       Plate armour      |       |    22 |   192 |   348 |  1138 |  1422 |   481 ||  3603
Dodge: Dodged            |    17 |    33 |    75 |   205 |   646 |   769 |   343 ||  2088
Block: Shield            |    26 |   101 |   186 |   543 |   399 |       |       ||  1255
       Buckler           |       |       |       |       |   568 |   870 |   356 ||  1794
       Reflection        |       |       |       |       |    36 |    37 |    29 ||   102
       Rpst.: Long sword |     7 |     9 |       |    40 |   138 |    56 |       ||   250
       Falchion          |       |       |    24 |     2 |       |       |       ||    26
       Double sword      |       |       |       |       |       |    52 |    44 ||    96
       Scimitar          |       |       |       |       |       |    12 |       ||    12
       Demon blade       |       |       |       |       |       |    22 |    16 ||    38
